 Dungeon Crawl Stone Soup version 0.15-a0-1115-g12a312a (console) character file.

175 gw the Cudgeler (level 5, 0/57 HPs)
             Began as an Ogre Berserker on May 28, 2014.
             Was a Priest of Trog.
             Slain by gw's ghost (16 damage)
             ... on Level 3 of the Dungeon.
             The game lasted 00:01:44 (3718 turns).

gw the Cudgeler (Ogre Berserker)                    Turns: 3718, Time: 00:01:44

HP   0/57        AC  3     Str 22      XL: 5   Next: 55%
MP   5/5         EV 11     Int  6      God: Trog [***...]
Gold 0           SH  0     Dex 10      Spells:  0 memorised,  4 levels left

rFire  . . .     SeeInvis .     e - +1,+2 flail
rCold  . . .     Clarity  .     b - +0 animal skin
rNeg   . . .     Conserve .     (shield restricted)
rPois  .         rCorr    .     (helmet restricted)
rElec  .         rRot     .     (no cloak)
SustAb .         Spirit   .     (gloves unavailable)
rMut   .         Warding  .     (boots unavailable)
Gourm  .         Stasis   .     (no amulet)
MR     ++...                    (no ring)
                                (no ring)

@: regenerating, very resistant to hostile enchantments, very unstealthy
A: unfitting armour, tough skin 1
a: Burn Spellbooks, Berserk, Trog's Hand, Renounce Religion


You were on level 3 of the Dungeon.
You worshipped Trog.
Trog was most pleased with you.
You were very hungry.

You visited 1 branch of the dungeon, and saw 3 of its levels.

Inventory:

Hand weapons
 e - a +1,+2 flail (weapon)
Missiles
 c - 32 darts (quivered)
Armour
 b - a +0 animal skin (worn)
Magical devices
 h - a wand of frost (11)
Comestibles
 d - 2 meat rations
 f - 6 bread rations
Scrolls
 l - 2 scrolls of identify
Potions
 i - 3 potions of heal wounds


   Skills:
 + Level 5.3 Fighting
 * Level 5.5 Maces & Flails
 + Level 1.9 Throwing
 + Level 3.8 Dodging


You had 4 spell levels left.
You didn't know any spells.

Dungeon Overview and Level Annotations

Branches:
Dungeon (3/15)

Altars:
Kikubaaqudgha
Okawaru

Annotations:
D:3 gw's ghost, average OgBe


Innate Abilities, Weirdness & Mutations

You are too large for most types of armour.
You have tough skin (AC +1).


Message History

Gw's ghost is lightly damaged.
Gw's ghost hits you. The giant gecko barely misses you.
FLEEEEING!
ATTACKING (-1,-1)
You sock gw's ghost!
Gw's ghost is moderately damaged.
The giant gecko bites you but does no damage.
Gw's ghost barely misses you.
The giant gecko bites you but does no damage.
FLEEEEING!
ATTACKING (-1,-1)
You barely miss gw's ghost.
Gw's ghost is moderately damaged.
Gw's ghost hits you! The giant gecko barely misses you.
FLEEEEING!
ATTACKING (-1,-1)
You thump gw's ghost!
Gw's ghost is heavily damaged.
Gw's ghost hits you!
You die...

#..# #..#
####..#########..######
......................#
......................#
##..####..#####..######
#..# #..# #..# #..#
#..# #..# #..# #..#
#Wl#
##..####..#####.O######
......................#
......................#
####.....)....#########
#..........#
#.......)..#
#..........#
####..........#########
......................#


You could see gw's ghost and a giant gecko.

Table legend:
 A = Turns spent in this place as a percentage of turns spent in the entire game.
 B = Non-inter-level travel turns spent in this place as a percentage of non-inter-level travel turns spent in the entire game.
 C = Inter-level travel turns spent in this place as a percentage of turns spent in this place.
 D = Turns resting spent in this place as a percentage of non-inter-level travel turns spent in this place.
 E = Turns spent auto-exploring this place as a percentage of non-inter-level travel turns spent in this place.
 F = Non-inter-level travel turns spent in this place divided by the number of levels of this place that you've seen.
                   A       B       C       D       E      F
               +-------+-------+-------+-------+-------+----------------------
         Total | 100.0 | 100.0 |   0.7 |  10.0 |  17.4 | 275.7
       Dungeon | 100.0 | 100.0 |   0.7 |  10.0 |  17.4 | 275.7
               +-------+-------+-------+-------+-------+----------------------

Table legend:
 A = Kills in this place as a percentage of kills in entire the game.
 B = Kills by you in this place as a percentage of kills by you in the entire game.
 C = Kills by friends in this place as a percentage of kills by friends in the entire game.
 D = Other kills in this place as a percentage of other kills in the entire game.
 E = Experience gained in this place as a percentage of experience gained in the entire game.
 F = Experience gained in this place divided by the number of levels of this place that you have seen.
                   A       B       C       D       E      F
               +-------+-------+-------+-------+-------+----------------------
         Total | 100.0 | 100.0 |  -nan |  -nan | 100.0 |  83.3
       Dungeon | 100.0 | 100.0 |  -nan |  -nan | 100.0 |  83.3
               +-------+-------+-------+-------+-------+----------------------

Vanquished Creatures
  An orc priest (D:3)
  Jessica (D:2)
  2 adders (D:2)
  A gnoll (D:1)
  A giant mite (D:3)
  A worm (D:2)
  3 giant geckos
  9 orcs (D:3)
  9 bats
  A giant cockroach (D:2)
  8 hobgoblins
  4 jackals
  11 kobolds
  A quokka (D:2)
  3 giant newts
  8 goblins
  5 rats
69 creatures vanquished.

Notes
Turn   | Place    | Note
--------------------------------------------------------------
     0 | D:1      | gw, the Ogre Berserker, began the quest for the Orb.
     0 | D:1      | Reached XP level 1. HP: 24/24 MP: 1/1
   306 | D:1      | Reached XP level 2. HP: 33/33 MP: 2/2
   332 | D:1      | Found an iron altar of Okawaru.
   501 | D:1      | Reached XP level 3. HP: 40/40 MP: 3/3
   770 | D:1      | Acquired Trog's second power
  1654 | D:2      | Reached skill level 1 in Throwing
  1768 | D:2      | Reached XP level 4. HP: 49/49 MP: 4/4
  1996 | D:2      | Reached skill level 5 in Maces & Flails
  2339 | D:2      | Noticed Jessica
  2342 | D:2      | Killed Jessica
  2474 | D:2      | Reached skill level 5 in Fighting
  2811 | D:3      | Noticed gw's ghost (average OgBe)
  2817 | D:3      | Found an ancient bone altar of Kikubaaqudgha.
  2942 | D:3      | Reached XP level 5. HP: 55/57 MP: 5/5
  3718 | D:3      | Slain by gw's ghost

Action                   |  1- 3 |  4- 6 || total
-------------------------+-------+-------++-------
Melee: Mace              |   119 |    78 ||   197
       Flail             |       |    12 ||    12
Throw: Dart              |    23 |    26 ||    49
Invok: Trog's Hand       |     1 |     3 ||     4
       Berserk           |     1 |     1 ||     2
Evoke: Wand              |       |     1 ||     1
  Use: Scroll            |     6 |     3 ||     9
       Potion            |     3 |     1 ||     4

Vault maps used:
D:1:      lightli_arrival_windingriver, okawaru_ov_weapons_minmay
D:2:      minmay_gold_behind_plants, kennysheep_jessica_study
D:3:      mumra_celtic_spiral_tile, overflow_temple_1_default
